 Dungeon Crawl Stone Soup version 0.24.1-14-gf8d2b509d9 (console) character file.

Game seed: 2297034357487173791, levelgen mode: deterministic

47 Kagalorn the Frost Mage (level 3, -1/31 HPs)
             Began as a Gnoll Wanderer on Mar 17, 2023.
             Slain by Natasha (8 damage)
             ... on level 2 of the Dungeon.
             The game lasted 00:02:31 (1588 turns).

Kagalorn the Frost Mage (Gnoll Wanderer)            Turns: 1588, Time: 00:02:32

Health: -1/31      AC:  2    Str: 15    XL:     3   Next: 70%
Magic:  4/4        EV: 11    Int: 15    God:
Gold:   109        SH:  0    Dex: 13    Spells: 3/3 levels left

rFire    . . .     SeeInvis .   a - +0 quarterstaff
rCold    . . .     Gourm    .   (shield currently unavailable)
rNeg     . . .     Faith    .   e - +0 robe
rPois    .         Spirit   .   (no helmet)
rElec    .         Reflect  .   (no cloak)
rCorr    .         Harm     .   (no gloves)
MR       .....                  (no boots)
Stlth    ++........             k - amulet of rage (curse)
HPRegen  0.10/turn              (no ring)
MPRegen  0.09/turn              (no ring)

@: slowed, very slow
A: distributed training, fangs 1, strong nose
a: Evoke Berserk Rage


You were on level 2 of the Dungeon.
You were not hungry.

You visited 1 branch of the dungeon, and saw 2 of its levels.

You collected 109 gold pieces.

Inventory:

Hand Weapons
 a - a +0 quarterstaff (weapon)
Missiles
 c - 11 poisoned darts (quivered)
 j - 7 atropa-tipped darts
 m - 5 stones
 n - 6 boomerangs
Armour
 e - a +0 robe (worn)
Jewellery
 k - a cursed amulet of rage (around neck)
Wands
 b - a wand of flame (15)
 o - a wand of iceblast (6)
Scrolls
 d - 2 scrolls of identify {unknown}
 i - 2 scrolls of teleportation {unknown}
Potions
 g - a potion of agility {unknown}
 h - a potion of cancellation {unknown}
 l - a potion of might {unknown}
Comestibles
 f - 2 rations
 p - a chunk of flesh


   Skills:
 + Level 4.5 Fighting
 + Level 0.9 Short Blades
 + Level 0.9 Long Blades
 + Level 0.9 Axes
 + Level 0.9 Maces & Flails
 + Level 0.9 Polearms
 + Level 0.9 Staves
 + Level 0.9 Slings
 + Level 0.9 Bows
 + Level 0.9 Crossbows
 + Level 2.6 Throwing
 + Level 0.9 Armour
 + Level 0.9 Dodging
 + Level 2.4 Stealth
 + Level 0.9 Shields
 + Level 0.9 Unarmed Combat
 + Level 0.9 Spellcasting
 + Level 0.6 Conjurations
 + Level 0.6 Hexes
 + Level 0.6 Charms
 + Level 0.6 Summonings
 + Level 0.6 Necromancy
 + Level 0.6 Translocations
 + Level 0.6 Transmutations
 + Level 0.6 Fire Magic
 + Level 8.7 Ice Magic
 + Level 0.6 Air Magic
 + Level 0.6 Earth Magic
 + Level 0.6 Poison Magic
 + Level 1.0 Invocations
 + Level 2.6 Evocations


You had 3 spell levels left.
You didn't know any spells.
Your spell library was empty.

Dungeon Overview and Level Annotations

Branches:
Dungeon (2/15)

Altars:
Dithmenos
Ru
Trog
Wu Jian

Annotations:
D:2 Natasha


Innate Abilities, Weirdness & Mutations

Your experience applies equally to all skills.
You have very sharp teeth.
Your uncanny sense of smell can sniff out nearby items.


Message History

There is an open door here.
You barely miss Natasha. Natasha claws you. x2
You hit Natasha.
Natasha is moderately wounded.
Natasha claws you. Natasha casts a spell at you. The magic dart hits you!
* * * LOW HITPOINT WARNING * * *
You hit Natasha.
Natasha is moderately wounded.
Natasha wildly gestures.
Natasha shimmers violently.
Natasha barely misses you. Natasha completely misses you.
You closely miss Natasha.
Natasha is moderately wounded.
Natasha casts a spell.
You hit Natasha. Your bite misses Natasha.
Natasha is severely wounded.
Natasha claws you!
You die...

........#
....... ......
.... ..(#
#####..#
#.#...#.#
#.'.⌠.@.##
#.#.5h#..#
#.#####..#
#........#
#########.....#
#............##
#.#######....#
##....#
###.....#


You could see Natasha and a shadow imp.

Vanquished Creatures
  An adder (D:2)
  A dart slug (D:1)
  6 bats
  6 giant cockroaches
  3 goblins
  A hobgoblin (D:1)
  4 jackals
  2 frilled lizards (D:2)
  4 kobolds
  5 rats (D:1)
33 creatures vanquished.

Notes
Turn   | Place    | Note
-------+----------+-------------------------------------------
     0 | D:1      | Kagalorn the Gnoll Wanderer began the quest for the Orb.
     0 | D:1      | Kagalorn set off with the following items: a +0
                  | quarterstaff, a wand of flame (15), 11 poisoned darts, a +0
                  | dagger, a +0 robe, a ration
     0 | D:1      | Reached XP level 1. HP: 20/20 MP: 2/2
   306 | D:1      | Reached XP level 2. HP: 25/26 MP: 3/3
   721 | D:1      | Reached XP level 3. HP: 18/31 MP: 4/4
   978 | D:2      | Found an ornate altar of the Wu Jian Council.
   982 | D:2      | Found a sacrificial altar of Ru.
   983 | D:2      | Found a bloodstained altar of Trog.
   984 | D:2      | Found a shadowy altar of Dithmenos.
  1416 | D:2      | Reached skill level 1 in Invocations
  1582 | D:2      | Noticed Natasha
  1588 | D:2      | Slain by Natasha

Levels and vault maps discovered:
D:1:      ncdulo_wetmaze, layout_rooms, st_stairs_9
D:2:      layout_rooms, grunt_temple_overflow_open, minmay_misc_feat_room,
          grunt_decor_one_mirror, tgw_kikubaaqudgha, uniq_natasha

Skill      XL: |  1  2  3 |
---------------+----------+-----
Invocations    | 1 |  1.0
Fighting       | |  4.5
Short Blades   | |  0.9
Long Blades    | |  0.9
Axes           | |  0.9
Maces & Flails | |  0.9
Polearms       | |  0.9
Staves         | |  0.9
Slings         | |  0.9
Bows           | |  0.9
Crossbows      | |  0.9
Throwing       | |  2.6
Armour         | |  0.9
Dodging        | |  0.9
Stealth        | |  2.4
Shields        | |  0.9
Unarmed Combat | |  0.9
Spellcasting   | |  0.9
Conjurations   | |  0.6
Hexes          | |  0.6
Charms         | |  0.6
Summonings     | |  0.6
Necromancy     | |  0.6
Translocations | |  0.6
Transmutations | |  0.6
Fire Magic     | |  0.6
Ice Magic      | |  8.7
Air Magic      | |  0.6
Earth Magic    | |  0.6
Poison Magic   | |  0.6
Evocations     | |  2.6

Action                   || total
-------------------------++-------
Melee: Quarterstaff      ||   105
       Bite              ||     8
 Stab: Sleeping          ||     3
  Eat: Chunk             ||     2
Armor: Robe              ||    40
Dodge: Dodged            ||   124
